 Dungeon Crawl Stone Soup version 0.30-a0-629-gd54f4be4f7 (webtiles) character file.

Game seed: 8965792590916191692

268 bande the Covered (level 6, -1/39 HPs)
             Began as a Gargoyle Fighter on Jan 13, 2023.
             Was an Initiate of Okawaru.
             Slain by an ogre
             ... wielding a +0 giant club
              (14 damage)
             ... on level 4 of the Dungeon.
             The game lasted 00:05:34 (3199 turns).

bande the Covered (Gargoyle Fighter)                Turns: 3199, Time: 00:05:34

Health: -1/39      AC: 14    Str: 20    XL:     6   Next: 21%
Magic:  7/7        EV:  7    Int:  8    God:    Okawaru [......]
Gold:   194        SH:  6    Dex: 11    Spells: 5/5 levels left

rFire   . . .      SeeInvis .    a - +0 flail
rCold   . . .      Faith    .    c - +1 buckler
rNeg    + . .      Spirit   .    l - +0 chain mail
rPois   ∞          Reflect  .    (no helmet)
rElec   +          Harm     .    (no cloak)
rCorr   .          Rampage  .    (no gloves)
Will    .....                    (no boots) Stlth
                                 (no amulet)
HPRegen 0.26/turn                (no ring)
MPRegen 0.10/turn                (no ring)

@: no status effects
A: sickness immunity, AC +4, negative energy resistance 1, electricity
resistance, torment resistance 1, petrification resistance
a: Renounce Religion


You were on level 4 of the Dungeon.
You worshipped Okawaru.
Okawaru was noncommittal.
You visited 1 branch of the dungeon, and saw 4 of its levels.

You collected 194 gold pieces.

Inventory:

Hand Weapons
 a - a +0 flail (weapon)
 i - a +0 flail
Armour
 c - a +1 buckler (worn)
 l - a +0 chain mail (worn)
Scrolls
 g - 2 scrolls of teleportation
 j - 2 scrolls of vulnerability
 k - 5 scrolls of identify
 n - a scroll of fear {unknown}
 o - a scroll of torment {unknown}
Potions
 b - a potion of degeneration {unknown}
 d - a potion of might
 e - a potion of flight
 f - 2 potions of heal wounds {unknown}
 h - a potion of invisibility {unknown}
 m - a potion of brilliance {unknown}
 p - a potion of ambrosia {unknown}


   Skills:
 + Level 4.5 Fighting
 - Level 2.0 Maces & Flails
 + Level 5.2 Armour
 + Level 4.8 Shields
 * Level 1.7 Invocations


You had 5 spell levels left.
You didn't know any spells.
Your spell library was empty.

Dungeon Overview and Level Annotations

Branches:
Dungeon (4/15)
 Temple: D:4-7

Altars:
Okawaru

Shops:
D:1 *


Innate Abilities, Weirdness & Mutations

You are immune to sickness and miasma.
Your stone body is resilient. (AC +4)
You are immune to poison.
You resist negative energy. (rN+)
You are resistant to electric shocks. (rElec)
You are resistant to unholy torment.
You are immune to petrification.


Message History

Okawaru accepts your kill.
No target in view!
No target in view!
No target in view!
No target in view!
No target in view!
Found a stone staircase leading up.
Found a potion of attraction.
Found a stone staircase leading up.
There is a stone staircase leading up here.
Found a stone staircase leading down.
An ogre comes into view. It is wielding a +0 giant club.
The ogre shouts!
An ogre is nearby!
The ogre hits you with a +0 giant club!
You hit the ogre.
The ogre is lightly wounded.
You block the ogre's attack.
You hit the ogre.
The ogre is lightly wounded.
You block the ogre's attack.
You hit the ogre.
The ogre is moderately wounded.
The ogre hits you but does no damage.
You closely miss the ogre.
The ogre is moderately wounded.
The ogre hits you with a +0 giant club!
You are too injured to fight recklessly!
You are too injured to fight recklessly!
You are too injured to fight recklessly!
You are too injured to fight recklessly!
You are too injured to fight recklessly!
You hit the ogre but do no damage.
The ogre is moderately wounded.
You hit the ogre but do no damage.
The ogre is moderately wounded.
The ogre hits you but does no damage.
You hit the ogre.
The ogre is heavily wounded.
The ogre hits you with a +0 giant club!
You die...

.................# #.#
#.##
......[#..............
#†# #.##
.........##.####.####.
#.# #..# ....##.####.#
#.# #.# ##.# ....##.##
#.# #.# #.# #.# #..
#........ ..# #.# #>#
#.# ### #.####.## ###
#.# #.# #.# # #.# #.#
#O# #.# #.# # #.# ..#
#@####.# #.# # #.#
#...##.# #.# #.#
###.##.# #.# #.#.#
#.#..# #.# #.#.#
##.#.## #.# #.#.#
#....# #.# #.#.#
#....# #.# #.#[#
####....### #.# #.#.#
##.....<...# #.#


You could see an ogre.

Vanquished Creatures
  A necrophage (D:4)
  A hound (D:4)
  An iguana (D:4)
  7 adders
  2 worms (D:2)
  3 dart slugs
  4 orcs
  3 ball pythons
  7 bats
  5 endoplasms
  5 giant cockroaches
  4 goblins
  10 hobgoblins
  6 quokkas
  4 frilled lizards (D:1)
  6 kobolds
  A quokka zombie (D:4)
  3 rats
  A rat zombie (D:4)
74 creatures vanquished.

Notes
Turn   | Place    | Note
-------+----------+-------------------------------------------
     0 | D:1      | bande the Gargoyle Fighter began the quest for the Orb.
     0 | D:1      | Reached XP level 1. HP: 14/14 MP: 1/1
   123 | D:1      | Reached XP level 2. HP: 19/19 MP: 2/2
   153 | D:1      | Found Ehisiot's General Store.
   188 | D:1      | You fall into a shaft and drop 1 floor!
   249 | D:2      | Reached XP level 3. HP: 23/23 MP: 3/3
   444 | D:1      | Reached skill level 4 in Armour
  1114 | D:2      | Reached XP level 4. HP: 11/29 MP: 4/4
  1814 | D:3      | Found an iron altar of Okawaru.
  1822 | D:3      | Became a worshipper of Warmaster Okawaru
  2108 | D:3      | Reached XP level 5. HP: 33/33 MP: 5/5
  2449 | D:4      | Reached skill level 1 in Invocations
  2546 | D:4      | Reached skill level 5 in Armour
  2730 | D:4      | Reached XP level 6. HP: 39/39 MP: 7/7
  3024 | D:4      | Found a sand-covered staircase.
  3199 | D:4      | Slain by an ogre

Illustrated notes

Levels and vault maps discovered:
D:1:      dpeg_arrival_water_fire, layout_basic, serial_shops, shop, st_stairs_3
D:2:      layout_basic
D:3:      layout_loops_cross, kennysheep_okawaru_gauntlet, minmay_hedge_maze,
          minivault_25
D:4:      layout_loops_ring, enter_ossuary_4, minmay_unequal

Skill      XL: |  1  2  3  4  5 |
---------------+----------------+-----
Armour         | 4 5 |  5.2
Shields        | 4 |  4.8
Fighting       | 4 |  4.5
Invocations    | 1 |  1.7
Maces & Flails | |  2.0

Action                   |  1- 3 |  4- 6 || total
-------------------------+-------+-------++-------
Melee: Flail             |   115 |   147 ||   262
  Use: Scroll            |     3 |     2 ||     5
Armor: Scale mail        |    74 |    37 ||   111
       Chain mail        |       |    70 ||    70
Dodge: Dodged            |    80 |    77 ||   157
Block: Buckler           |    25 |    63 ||    88

Table legend: (Time is in decaauts)
 A = Elapsed time spent in this place.
 B = Non-inter-level travel time spent in this place.
 C = Inter-level travel time spent in this place.
 D = Time resting spent in this place.
 E = Time spent auto-exploring this place.
 F = Levels seen in this place.
 G = Mean time per level.
                   A        B        C        D        E       F      G
               +--------+--------+--------+--------+--------+-----+--------+
         Total |   3286 |   3224 |     62 |    323 |   2183 |   4 |  821.5 |
       Dungeon |   3286 |   3224 |     62 |    323 |   2183 |   4 |  821.5 |
               +--------+--------+--------+--------+--------+-----+--------+

Top non-repeatable levels by time:
     D:1: 941 daAuts
     D:3: 847 daAuts
     D:4: 806 daAuts
     D:2: 690 daAuts
